nht, chaotic female elven Wizard --- ..|.| -.|.| |...| ---.| |.| |@| |H| |.| |$ nht the Magician Experience level: 10 Strength: 25 Dexterity: 14 Constitution: 13 Intelligence: 18 Wisdom: 9 Charisma: 12 Health: 0(65) Energy: 17(111) Def: 2 Gold: 89 Moves: 5056 Dungeon seed: kxwTCE_lGMPvw8oe Game ID: nht_1430667187 Your Inventory: Coins $ - 89 gold pieces Amulets A - an uncursed amulet of reflection (being worn) Weapons a - a blessed +1 quarterstaff (weapon in hands) P - the +0 Sting Armor e - an uncursed greased +0 cloak of magic resistance (being worn) l - an uncursed -1 pair of levitation boots r - an uncursed burnt +2 pair of speed boots (being worn) Y - an uncursed thoroughly rusty -1 pair of gauntlets of power (being worn) Scrolls Q - an uncursed scroll of teleportation R - an uncursed scroll of scare monster S - an uncursed scroll of scare monster Rings N - an uncursed ring of free action (on left hand) Wands h - a wand of digging (0:0) m - a wand of light (0:13) p - a wand of secret door detection (0:10) C - a wand of striking (0:0) J - a wand of probing (0:5) K - a wand of magic missile (0:0) O - a wand of digging (0:3) T - a wand of sleep (0:1) V - a wand of fire (0:6) W - a wand of nothing (0:5) Tools b - an uncursed greased sack i - an uncursed oil lamp (lit) (0:1055) k - an uncursed magic whistle n - a magic marker (0:48) o - an uncursed wooden harp t - an uncursed towel v - an uncursed skeleton key B - a can of grease (0:0) H - an uncursed tallow candle (0:200) Gems q - 2 uncursed worthless pieces of yellow glass y - an uncursed worthless piece of orange glass z - 2 uncursed worthless pieces of white glass Contents of the sack: 2300 gold pieces an uncursed amulet of life saving a cursed amulet of strangulation an uncursed carrot 3 uncursed slime molds an uncursed scroll of charging an uncursed scroll of confuse monster a cursed scroll of confuse monster a blessed scroll of create monster an uncursed scroll of create monster 2 uncursed scrolls of destroy armor a cursed scroll of destroy armor 2 uncursed scrolls of earth an uncursed scroll of enchant weapon a cursed scroll of enchant weapon 2 uncursed scrolls of fire 2 uncursed scrolls of gold detection an uncursed scroll of light 4 uncursed scrolls of magic mapping an uncursed scroll of remove curse 2 uncursed scrolls of scare monster a cursed scroll of stinking cloud 3 uncursed scrolls of teleportation a cursed potion of gain level 3 potions of holy water an uncursed potion of object detection 3 potions of unholy water an uncursed ring of aggravate monster an uncursed ring of fire resistance an uncursed ring of polymorph control an uncursed ring of searching an uncursed ring of searching an uncursed ring of shock resistance an uncursed ring of slow digestion an uncursed ring of sustain ability an uncursed amethyst stone 2 uncursed citrine stones an uncursed jade stone 2 uncursed worthless pieces of black glass 2 uncursed worthless pieces of blue glass an uncursed worthless piece of green glass an uncursed worthless piece of orange glass 4 uncursed worthless pieces of red glass 3 uncursed worthless pieces of violet glass 3 uncursed worthless pieces of white glass 2 uncursed worthless pieces of yellow glass 3 uncursed worthless pieces of yellowish brown glass Spells known in the end: Name Level Category Fail Memory a - force bolt 1 attack 4% 75% b - magic missile 2 attack 0% 75% c - identify 3 divination 13% 75% d - detect monsters 1 divination 4% 76% e - knock 1 matter 4% 84% f - healing 1 healing 4% 84% g - create monster 2 clerical 22% 87% Your skills at the end: Fighting Skills Weapon Skills quarterstaff [Skilled] Spellcasting Skills attack spells [Basic] divination spells [Basic] enchantment spells [Basic] Final Attributes: You had sinned. You were sleep resistant. You were poison resistant. You were magic-protected. You had infravision. You were very fast. You had reflection. You had free action. You were lucky. You are dead. Vanquished creatures: The Oracle 7 giant mimics 6 large mimics 5 water demons a warg 8 small mimics an elf mummy a leather golem a wolf a lynx a gremlin an orc-captain an iron piercer 2 gnome kings an orc mummy a dwarf mummy an owlbear a yeti a werewolf a chickatrice 4 water nymphs a raven a plains centaur a water moccasin an ape a rope golem a soldier ant 3 Mordor orcs 4 shriekers 6 gnome lords 7 gnomish wizards a kobold mummy a golden naga hatchling 2 gray oozes a ghoul a baby crocodile 2 little dogs 2 floating eyes 7 dwarves a kobold lord 17 hill orcs 4 rothes 2 giant bats 5 dwarf zombies 3 werejackals 3 iguanas 8 killer bees 2 acid blobs 2 coyotes a gas spore 2 hobbits a large kobold a hobgoblin 6 cave spiders a brown mold a yellow mold a green mold 3 red molds 27 gnomes 2 garter snakes 3 manes 2 gnome zombies 5 geckos 9 jackals 3 foxen 2 kobolds 3 goblins 4 sewer rats 5 grid bugs 4 bats a lichen a kobold zombie 4 newts 229 creatures vanquished. Voluntary challenges: You were vegetarian. You used a wielded weapon 372 times, starting on turn 26. You read items or engraved 46 times, starting on turn 190. You never genocided any monsters. You never polymorphed an object. You never changed form. You completed Sokoban on turn 3927, according to the rules. You used no wishes. You never split a pudding. You wrote Elbereth's name 26 times, starting on turn 190. You violated your moral code, losing 28 points of alignment, starting on turn 2570. Dungeon overview: The Dungeons of Doom: levels 1 to 28 Level 1 a long staircase Level 2 (scrolls) a scroll shop Level 3 (junk) a general store Level 4 a sink stairs to The Gnomish Mines Level 5 Level 6 (scrolls) a scroll shop Level 7 a sink Level 8 (pick) Level 9 stairs to Sokoban Level 10 Level 11 an altar to Anhur Level 12 Level 13 Level 14 (whitecorn) a temple to Ptah Level 15 (throne) Level 16 a potion shop Level 17 (stash) Level 18 Level 19 (wraiths) Level 20 (throne) Level 21 (potions) a potion shop Level 22 Level 23 Level 24 Level 25 Level 26 (wraiths) Level 27 Level 28 <- You were here The Gnomish Mines: levels 5 to 8 Level 5 stairs to The Dungeons of Doom Level 6 Level 7 Level 8 (junk) many shops, a temple to Anhur , some fountains Sokoban: levels 5 to 8 Level 5 Level 6 Level 7 Level 8 (stash) stairs to The Dungeons of Doom History has recorded: On T:1 you entered the Dungeons of Doom to retrieve the Amulet of Yendor! On T:136 you reached level 2 of The Dungeons of Doom. On T:239 you reached level 3 of The Dungeons of Doom. On T:277 you reached level 4 of The Dungeons of Doom. On T:308 you reached level 5 of The Dungeons of Doom. On T:458 you advanced to experience level 2. On T:488 you advanced to experience level 3. On T:678 you advanced to experience level 4. On T:1114 you reached level 1 of The Gnomish Mines. On T:1120 you advanced to experience level 5. On T:1190 you reached level 2 of The Gnomish Mines. On T:1196 you advanced to experience level 6. On T:1373 you reached level 3 of The Gnomish Mines. On T:1479 you reached level 4 of The Gnomish Mines. On T:1497 you advanced to experience level 7. On T:1927 you reached level 6 of The Dungeons of Doom. On T:1967 you reached level 7 of The Dungeons of Doom. On T:1976 you advanced to experience level 8. On T:2240 you reached level 8 of The Dungeons of Doom. On T:2416 you reached level 9 of The Dungeons of Doom. On T:2521 you reached level 4 of Sokoban. On T:2770 you reached level 3 of Sokoban. On T:3109 you reached level 2 of Sokoban. On T:3379 you reached level 1 of Sokoban. On T:3630 you advanced to experience level 9. On T:3927 you entered the Sokoban zoo. On T:4159 you reached level 10 of The Dungeons of Doom. On T:4262 you reached level 11 of The Dungeons of Doom. On T:4339 you reached level 12 of The Dungeons of Doom. On T:4343 you reached level 13 of The Dungeons of Doom. On T:4477 you reached level 14 of The Dungeons of Doom. On T:4560 you reached level 15 of The Dungeons of Doom. On T:4578 you reached level 16 of The Dungeons of Doom. On T:4682 you reached level 17 of The Dungeons of Doom. On T:4903 you reached level 18 of The Dungeons of Doom. On T:4906 you reached level 19 of The Dungeons of Doom. On T:4909 you reached level 20 of The Dungeons of Doom. On T:4910 you reached level 21 of The Dungeons of Doom. On T:4938 you advanced to experience level 10. On T:5007 you reached level 22 of The Dungeons of Doom. On T:5018 you reached level 23 of The Dungeons of Doom. On T:5036 you reached level 24 of The Dungeons of Doom. On T:5039 you reached level 25 of The Dungeons of Doom. On T:5043 you reached level 26 of The Dungeons of Doom. On T:5045 you reached level 27 of The Dungeons of Doom. On T:5046 you reached level 28 of The Dungeons of Doom. Score breakdown: Gold: 2389 (11492 points) Experience: 10 levels (16712 points) Exploration: 28 levels ( 57.14%) (22500 points) Discoveries: 31 items ( 11.19%) (10036 points) Valuables value: (no points given unless you survive) Artifact value: 800 ( 9877 points) Variety of kills: 73 monsters ( 19.26%) (13166 points) Time penalty: 5056 turns (-1371 points) Survival: died (score multiplied by 80%) Total score: 65929 Latest messages: You drop a potion called booze/juice (unpaid, 50 zorkmids). You drop a potion called bub150 (unpaid, 200 zorkmids). You drop a potion called aciD? (unpaid, 250 zorkmids). You drop a puce potion (unpaid, 100 zorkmids). You drop a milky potion (unpaid, 66 zorkmids). You drop a cloudy potion (unpaid, 300 zorkmids). You drop a potion of sleeping (unpaid, 100 zorkmids). You drop a potion of oil (unpaid, 250 zorkmids). You drop a cloudy potion (unpaid, 300 zorkmids). You drop a potion called booze/juice (unpaid, 50 zorkmids). You drop 5 potions of water (unpaid, 25 zorkmids). You drop a brilliant blue potion (unpaid, 200 zorkmids). You drop a purple-red potion (unpaid, 200 zorkmids). You drop a wand of light (unpaid, 100 zorkmids). Your movements are now unencumbered. "For you, esteemed lady; only 100 per puce potion." You have a little trouble lifting L - 3 puce potions (unpaid, 300 zorkmids). "For you, most gracious lady; only 200 per white potion." You have a little trouble lifting q - 2 white potions (unpaid, 400 zorkmids). You feel an absence of magical power. The minotaur hits! You die... Final status: Goodbye nht the Wizard, killed by a minotaur... You died in The Dungeons of Doom on dungeon level 28 with 65929 points, and 2389 pieces of gold, after 5056 moves. You were level 10 with a maximum of 65 hit points when you died.